 Dungeon Crawl Stone Soup version 0.29.0-4-gdea44cf6ec (webtiles) character file.

Game seed: 6207206734402854447

1020 qw the Cleaver (level 8, -4/46 HPs)
             Began as a Tengu Warper on Aug 28, 2022.
             Was an Initiate of Okawaru.
             Slain by an orc warrior
             ... wielding a +0 battleaxe
              (13 damage)
             ... on level 6 of the Dungeon.
             The game lasted 00:00:29 (4946 turns).

qw the Cleaver (Tengu Warper)                       Turns: 4946, Time: 00:00:30

Health: -4/46      AC: 11    Str: 11 (13) XL:     8   Next: 22%
Magic:  12/12      EV:  7    Int: 12 (13) God:    Okawaru [......]
Gold:   330        SH:  0    Dex: 23 (25) Spells: 11/11 levels left

rFire   . . .      SeeInvis .   Y - +1 broad axe
rCold   x . .      Faith    .   (no shield)
rNeg    . . .      Spirit   .   e - +0 chain mail
rPois   +          Reflect  .   (helmet restricted)
rElec   +          Harm     .   i - +1 cloak "Miowan" {rElec rPois rC- Dex+10}
rCorr   .          Rampage  .   (no gloves)
Will    .....                   (boots unavailable)
Stlth   ..........              (no amulet)
HPRegen 0.15/turn               (no ring)
MPRegen 0.13/turn               (no ring)

@: about to teleport, flying quickly and evasively, quick
A: beak, talons 3, nimble flight
a: Renounce Religion


You were on level 6 of the Dungeon.
You worshipped Okawaru.
Okawaru was noncommittal.
You visited 1 branch of the dungeon, and saw 6 of its levels.

You collected 330 gold pieces.


Innate Abilities, Weirdness & Mutations

You have a beak for a mouth.
You have claws for feet.
Your magical nature lets you fly swiftly and evasively.


   Skills:
 + Level 3.2 Fighting
 - Level 9.0 Axes
 - Level 1.0 Throwing
 - Level 3.8 Armour
 - Level 3.1 Dodging
 - Level 2.0 Spellcasting
 - Level 2.4 Translocations


You had 11 spell levels left.
You didn't know any spells.
Your spell library contained the following spells:

 Spells                   Type           Power      Damage    Failure   Level
 Blink                    Tloc           12%        N/A       100%        2
 Gell's Gravitas          Tloc           6%         N/A       100%        3
 Lesser Beckoning         Tloc           6%         N/A       100%        3
 Teleport Other           Tloc           6%         N/A       100%        3
 Manifold Assault         Tloc           6%         N/A       100%        5

Inventory:

Hand Weapons
 a - a +2 flail of holy wrath
 Y - a +1 broad axe (weapon)
Armour
 e - a +0 chain mail (worn)
 i - the +1 cloak "Miowan" (worn) {rElec rPois rC- Dex+10}
   (You found it on level 3 of the Dungeon)

   Dex:       It affects your dexterity (+10).
   rC:        It makes you vulnerable to cold.
   rElec:     It insulates you from electricity.
   rPois:     It protects you from poison.
 n - a scarf of resistance
Scrolls
 c - 2 scrolls of teleportation
 j - a scroll of identify
Potions
 d - 2 potions of curing {unknown}
 g - 3 potions of heal wounds
 h - a potion of magic {unknown}
 k - a potion of brilliance {unknown}
 m - a potion of resistance {unknown}

Dungeon Overview and Level Annotations

Branches:
Dungeon (6/15)
 Temple: D:4-7

Altars:
Okawaru

Shops:
D:3 (   D:4 :(

Annotations:
D:3 2 runed translucent doors
D:4 1 runed translucent door, Crazy Yiuf


Message History

You barely miss the adder. You peck the adder.
The adder is severely wounded.
The adder bites you but does no damage. The adder barely misses you.
You closely miss the adder. You claw the adder.
You kill the adder!
Okawaru accepts your kill.
Your Axes skill increases to level 9!
d - 2 amethyst potions (gained 1)
You now have 318 gold pieces (gained 7).
Found a stone staircase leading down.
Enter note: An orc warrior is nearby!
4925 ||| Stepping ~*~*~tactically~*~*~ (stealth).
An orc comes into view. It is wielding a +0 short sword.
4930 ||| Stepping ~*~*~tactically~*~*~ (stealth).
The orc warrior shouts!
You hear a shout!
Found a rapier.
You now have 330 gold pieces (gained 12).
An orc comes into view. It is wielding a +0 dagger.
4938 ||| Stepping ~*~*~tactically~*~*~ (stealth).
An orc warrior is nearby!
You hit the orc warrior.
The orc warrior is moderately wounded.
The orc warrior barely misses you.
You hit the orc warrior but do no damage.
You claw the orc warrior, but do no damage.
Your peck misses the orc warrior.
The orc warrior is moderately wounded.
The orc warrior hits you with a +0 battleaxe.
An orc comes into view. It is wielding a +0 whip.
The orc warrior hits you with a +0 battleaxe!
You barely miss the orc warrior.
You claw the orc warrior, but do no damage.
The orc warrior is lightly wounded.
The orc warrior hits you with a +0 battleaxe!!
4946 ||| READING 3 scrolls of teleportation.
As you read the scroll of teleportation, it crumbles to dust.
You feel strangely unstable.
The orc warrior hits you with a +0 battleaxe!
You die...

...... #.#...#). ##
........###. .###
........... ....
..........# ..#
..........###.##..
.##.......#.....##
.............# ..##
#$..o.@o....##...#
#....o####..##.....
.o......#.......#
.....>..........#
...o##.###....### .
........###..## #...
..........##.##.....
...................
...............#...


You could see an orc warrior and 3 orcs.

Vanquished Creatures
  A centaur (D:5)
  A phantom (D:5)
  6 scorpions
  3 bullfrogs
  A jelly (D:2)
  2 orc priests (D:4)
  3 iguanas
  Ijyb (D:3)
  5 adders
  2 white imps
  2 ufetubi
  2 worms
  2 dart slugs
  10 orcs
  2 bats
  5 endoplasms
  A giant cockroach (D:2)
  4 hobgoblins
  3 jackals (D:4)
  3 kobolds
  5 quokkas
  3 ball pythons
  2 frilled lizards (D:1)
  6 goblins
  3 rats
78 creatures vanquished.

Vanquished Creatures (others)
  4 plants (D:5)
4 creatures vanquished.

Grand Total: 82 creatures vanquished

Notes
Turn   | Place    | Note
-------+----------+-------------------------------------------
     0 | D:1      | qw the Tengu Warper began the quest for the Orb.
     0 | D:1      | Reached XP level 1. HP: 12/12 MP: 4/4
     0 | D:1      | 0 ||| qw: Version: 0.1-a-89-g26bdef1
     0 | D:1      | 0 ||| qw: Game counter: 826
     0 | D:1      | 0 ||| qw: Always use a shield: true
     0 | D:1      | 0 ||| qw: God list: Okawaru
     0 | D:1      | 0 ||| qw: Allow faded altars: false
     0 | D:1      | 0 ||| qw: Do Orc after D:15 true
     0 | D:1      | 0 ||| qw: Do second Lair branch before Depths: true
     0 | D:1      | 0 ||| qw: Lair rune preference: random
     0 | D:1      | 0 ||| qw: Plans: Normal
     0 | D:1      | 0 ||| PLANNING D:1-11
    22 | D:1      | 22 ||| Stepping ~*~*~tactically~*~*~ (hiding).
   334 | D:1      | 334 ||| Stepping ~*~*~tactically~*~*~ (stealth).
   335 | D:1      | 335 ||| Stepping ~*~*~tactically~*~*~ (stealth).
   341 | D:1      | Reached XP level 2. HP: 17/17 MP: 6/6
   342 | D:1      | Reached skill level 3 in Axes
   453 | D:1      | 453 ||| Stepping ~*~*~tactically~*~*~ (stealth).
   889 | D:1      | 889 ||| READING scroll labelled YVOVULITZI.
   890 | D:1      | 890 ||| DROPPING scroll of blinking.
  1036 | D:2      | 1036 ||| Stepping ~*~*~tactically~*~*~ (stealth).
  1038 | D:2      | 1038 ||| Stepping ~*~*~tactically~*~*~ (stealth).
  1042 | D:2      | Reached XP level 3. HP: 21/21 MP: 7/7
  1098 | D:2      | Reached skill level 4 in Axes
  1262 | D:2      | HP: 3/21 [acid (6)]
  1264 | D:2      | Reached skill level 5 in Axes
  1264 | D:2      | Reached XP level 4. HP: 3/26 MP: 8/8
  1501 | D:2      | 1501 ||| FLEEEEING.
  1574 | D:2      | Found a faded altar of an unknown god.
  1870 | D:2      | 1870 ||| UPGRADING to +0 chain mail.
  1880 | D:2      | 1880 ||| DROPPING +0 leather armour.
  1881 | D:2      | 1881 ||| UPGRADING to amulet of guardian spirit.
  1886 | D:2      | 1886 ||| READING 3 scrolls labelled BEXTES ZORI.
  1890 | D:2      | 1890 ||| READING scroll labelled OWKUTE VY ILYPN.
  1891 | D:2      | 1891 ||| READING scroll labelled COMINO XOTI.
  1892 | D:2      | 1892 ||| READING 2 scrolls labelled MUDWOPIQOI.
  1893 | D:2      | 1893 ||| DRINKING 3 fuming coppery potions.
  1909 | D:3      | Found a large runed translucent door.
  1909 | D:3      | Found a large runed translucent door.
  2061 | D:3      | Found Gamery's Weapon Shoppe.
  2096 | D:3      | Noticed Ijyb
  2097 | D:3      | 2097 ||| FLEEEEING.
  2098 | D:3      | 2098 ||| FLEEEEING.
  2099 | D:3      | 2099 ||| FLEEEEING.
  2100 | D:3      | 2100 ||| FLEEEEING.
  2101 | D:3      | 2101 ||| FLEEEEING.
  2102 | D:3      | 2102 ||| FLEEEEING.
  2103 | D:3      | 2103 ||| FLEEEEING.
  2104 | D:3      | 2104 ||| FLEEEEING.
  2105 | D:3      | 2105 ||| FLEEEEING.
  2106 | D:3      | 2106 ||| FLEEEEING.
  2108 | D:3      | 2108 ||| FLEEEEING.
  2109 | D:3      | 2109 ||| FLEEEEING.
  2111 | D:3      | 2111 ||| FLEEEEING.
  2112 | D:3      | 2112 ||| FLEEEEING.
  2113 | D:3      | 2113 ||| FLEEEEING.
  2114 | D:3      | 2114 ||| FLEEEEING.
  2115 | D:3      | 2115 ||| FLEEEEING.
  2116 | D:3      | 2116 ||| FLEEEEING.
  2117 | D:3      | 2117 ||| FLEEEEING.
  2118 | D:3      | 2118 ||| FLEEEEING.
  2119 | D:3      | 2119 ||| FLEEEEING.
  2120 | D:3      | 2120 ||| FLEEEEING.
  2121 | D:3      | 2121 ||| FLEEEEING.
  2122 | D:3      | 2122 ||| FLEEEEING.
  2123 | D:3      | 2123 ||| STAIRDANCE
  2149 | D:2      | 2149 ||| READING scroll labelled CIVVAE LAOSCHI.
  2164 | D:3      | Killed Ijyb
  2165 | D:3      | Gained mutation: Your magical nature lets you fly swiftly
                  | and evasively. [Tengu growth]
  2165 | D:3      | Reached XP level 5. HP: 20/30 MP: 6/9
  2337 | D:3      | 2337 ||| SWAPPING to +0 broad axe.
  2342 | D:3      | 2342 ||| DROPPING +0 hand axe.
  2345 | D:3      | Identified the +1 cloak "Miowan" {rElec rPois rC- Dex+10}
  2578 | D:3      | 2578 ||| UPGRADING to +1 cloak "Miowan" {rElec rPois rC-
                  | Dex+10}.
  2583 | D:3      | 2583 ||| READING scroll labelled OSU GUEMESKU.
  2775 | D:4      | 2775 ||| Stepping ~*~*~tactically~*~*~ (stealth).
  2778 | D:4      | 2778 ||| Stepping ~*~*~tactically~*~*~ (hiding).
  2787 | D:4      | Reached skill level 6 in Axes
  2787 | D:4      | Reached XP level 6. HP: 29/35 MP: 8/10
  2837 | D:4      | 2837 ||| DROPPING +0 whip.
  2863 | D:4      | Found Peunenigg's Tremendous Tomes.
  2922 | D:4      | 2922 ||| FLEEEEING.
  2923 | D:4      | 2923 ||| FLEEEEING.
  2924 | D:4      | 2924 ||| FLEEEEING.
  2925 | D:4      | 2925 ||| FLEEEEING.
  2926 | D:4      | 2926 ||| FLEEEEING.
  2927 | D:4      | 2927 ||| FLEEEEING.
  2928 | D:4      | 2928 ||| FLEEEEING.
  2929 | D:4      | 2929 ||| FLEEEEING.
  2930 | D:4      | 2930 ||| FLEEEEING.
  2931 | D:4      | 2931 ||| FLEEEEING.
  2932 | D:4      | 2932 ||| FLEEEEING.
  2933 | D:4      | 2933 ||| FLEEEEING.
  2934 | D:4      | 2934 ||| FLEEEEING.
  2935 | D:4      | 2935 ||| FLEEEEING.
  2936 | D:4      | 2936 ||| STAIRDANCE
  3036 | D:3      | 3036 ||| READING scroll labelled COTUOC ACLIRO.
  3133 | D:4      | Reached skill level 7 in Axes
  3143 | D:4      | Found Jiotriawn's Weapon Shoppe.
  3313 | D:4      | HP: 9/36 [orc/+0 flail (6)]
  3314 | D:4      | 3314 ||| READING 4 scrolls of teleportation.
  3315 | D:4      | 3315 ||| DRINKING 3 potions of heal wounds.
  3408 | D:4      | 3408 ||| DROPPING +0 flail.
  3577 | D:4      | Found a runed translucent door.
  3578 | D:4      | Noticed Crazy Yiuf
  3725 | D:4      | 3725 ||| READING 3 scrolls of teleportation.
  3833 | D:5      | Entered Level 5 of the Dungeon
  3841 | D:5      | Reached skill level 3 in Fighting
  3841 | D:5      | Reached XP level 7. HP: 41/41 MP: 11/11
  4100 | D:5      | Reached skill level 8 in Axes
  4184 | D:5      | Reached skill level 3 in Armour
  4225 | D:5      | Reached XP level 8. HP: 43/46 MP: 12/12
  4351 | D:5      | Reached skill level 3 in Dodging
  4521 | D:5      | Found an iron altar of Okawaru.
  4529 | D:5      | Became a worshipper of Warmaster Okawaru
  4530 | D:5      | 4530 ||| REMOVING amulet of guardian spirit.
  4594 | D:5      | 4594 ||| DROPPING amulet of guardian spirit.
  4595 | D:5      | 4595 ||| READING scroll labelled UJUITHR DYNAWIE.
  4738 | D:5      | 4738 ||| DRINKING 2 smoky inky potions.
  4739 | D:5      | 4739 ||| READING 2 scrolls of identify.
  4739 | D:5      | 4739 ||| IDENTIFYING golden potion
  4740 | D:5      | 4740 ||| DROPPING potion of flight.
  4741 | D:5      | 4741 ||| DROPPING potion of degeneration.
  4802 | D:6      | 4802 ||| FLEEEEING.
  4807 | D:6      | 4807 ||| FLEEEEING.
  4809 | D:6      | 4809 ||| STAIRDANCE
  4906 | D:6      | Reached skill level 9 in Axes
  4925 | D:6      | 4925 ||| Stepping ~*~*~tactically~*~*~ (stealth).
  4930 | D:6      | 4930 ||| Stepping ~*~*~tactically~*~*~ (stealth).
  4938 | D:6      | 4938 ||| Stepping ~*~*~tactically~*~*~ (stealth).
  4945 | D:6      | HP: 9/46 [orc warrior/+0 battleaxe (19)]
  4946 | D:6      | 4946 ||| READING 3 scrolls of teleportation.
  4946 | D:6      | Slain by an orc warrior

Levels and vault maps discovered:
D:1:      dpeg_arrival_lava_temple_mockup, layout_loops_ring
D:2:      layout_loops_ring, hellmonk_ecumenical_altar_lost_god
D:3:      layout_basic, jmf_multi_god_temple2, serial_shops, nicolae_shop_trees,
          uniq_ijyb
D:4:      layout_gridville, serial_shops, nicolae_square_shop,
          nicolae_shop_i_like_big_books, uniq_crazy_yiuf_cottage
D:5:      layout_gridville, mainiacjoe_overflow_boulevard
D:6:      layout_cave_pools

Skill      XL: |  1  2  3  4  5  6  7  8 |
---------------+-------------------------+-----
Axes           | 3 5 6 7 8 9 |  9.0
Armour         | 2 3 |  3.8
Fighting       | 3 |  3.2
Dodging        | 3 |  3.1
Throwing       | |  1.0
Spellcasting   | |  2.0
Translocations | |  2.4

Action                   |  1- 3 |  4- 6 |  7- 9 || total
-------------------------+-------+-------+-------++-------
Melee: Hand axe          |    39 |    25 |       ||    64
       Peck              |    10 |    12 |    11 ||    33
       Kick              |     6 |    22 |    23 ||    51
       Broad axe         |       |    49 |    67 ||   116
       Punch             |       |       |     3 ||     3
Throw: Boomerang         |    20 |    50 |       ||    70
  Use: Scroll            |     1 |     9 |     3 ||    13
       Potion            |       |     2 |     1 ||     3
Armor: Leather armour    |     5 |       |       ||     5
       Chain mail        |       |    30 |    42 ||    72
Dodge: Dodged            |    13 |    25 |    38 ||    76

Table legend:
 A = Non-vault XP
 B = Vault XP
 C = Vault XP percentage of total XP
 D = Non-vault monster count
 E = Vault monster count
 F = Vault count percentage of total count
                 A         B        C        D         E       F
            +---------+---------+-------+---------+---------+-------
      Total |    1423 |      35 |   2.4 |      77 |       1 |   1.3
            +---------+---------+-------+---------+---------+-------
        D:1 |      25 |       0 |   0.0 |      15 |       0 |   0.0
        D:2 |     100 |       0 |   0.0 |      12 |       0 |   0.0
        D:3 |      18 |      35 |  66.0 |       8 |       1 |  11.1
        D:4 |     419 |       0 |   0.0 |      23 |       0 |   0.0
        D:5 |     742 |       0 |   0.0 |      15 |       0 |   0.0
        D:6 |     119 |       0 |   0.0 |       4 |       0 |   0.0
            +---------+---------+-------+---------+---------+-------
